 Dungeon Crawl Stone Soup version 0.30.1-9-gdf580d7c3d (webtiles) character file.

Game seed: 14190459988861899581

18 Stomo the Trooper (level 2, -4/16 HPs)
             Began as a Vine Stalker Fighter on Oct 21, 2023.
             Slain by a gnoll
             ... wielding a +0 flail
              (6 damage)
             ... on level 1 of the Dungeon.
             The game lasted 00:00:40 (479 turns).

Stomo the Trooper (Vine Stalker Fighter)             Turns: 479, Time: 00:00:41

Health: -4/16      AC:  6    Str: 18    XL:     2   Next: 66%
Magic:  0/3        EV:  9    Int:  8    God:
Gold:   24         SH:  0    Dex: 13    Spells: 1/1 levels left

rFire   . . .        a - +0 flail
rCold   . . .        (no shield)
rNeg    . . .        b - +0 scale mail
rPois   .            (no helmet)
rElec   .            (no cloak)
rCorr   .            (no gloves)
SInv    .            (no boots)
Will    .....        (no amulet) Stlth
                     (no ring)
HPRegen 0.22/turn    (no ring)
MPRegen 0.08/turn

%: guardian spirit
@: no status effects
A: fangs 2, magic shield, antimagic bite, no potion heal 2
a: no special abilities


You were on level 1 of the Dungeon.
You visited 1 branch of the dungeon, and saw 1 of its levels.

You collected 24 gold pieces.

Inventory:

Hand Weapons
 a - a +0 flail (weapon)
Armour
 b - a +0 scale mail (worn)
 c - a +0 buckler
Scrolls
 f - a scroll of teleportation {unknown}
 g - a scroll of fog {unknown}
Potions
 d - a potion of might
 e - a potion of cancellation {unknown}


   Skills:
 + Level 2.8 Fighting
 + Level 2.0 Maces & Flails
 + Level 2.5 Armour
 + Level 0.5 Dodging
 + Level 2.8 Shields


You had one spell level left.
You didn't know any spells.
Your spell library was empty.

Dungeon Overview and Level Annotations

Branches:
Dungeon (1/15)

Altars:


Innate Abilities, Weirdness & Mutations

You have extremely sharp teeth.
When hurt, damage is shared between your health and your magic reserves.
Your bite disrupts and absorbs the magic of your enemies.
Potions cannot restore your health.


Message History

You open the door.
There is an open door here.
There is an open door here.
There is an open door here.
There is an open door here.
A gnoll comes into view. It is wielding a +0 flail.
The gnoll shouts!
A gnoll is nearby!
A gnoll is nearby!
A gnoll is nearby!
A gnoll is nearby!
A gnoll is nearby!
A gnoll is nearby!
You hit the gnoll. Your bite misses the gnoll.
The gnoll is heavily wounded.
The gnoll hits you with a +0 flail.
You hit the gnoll. You bite the gnoll. You drain its power.
You feel invigorated.
The gnoll is almost dead.
The gnoll hits you with a +0 flail. The gnoll barely misses you.
You are too injured to fight recklessly!
You are too injured to fight recklessly!
You are too injured to fight recklessly!
You are too injured to fight recklessly!
You are too injured to fight recklessly!
You are too injured to fight recklessly!
You are too injured to fight recklessly!
You are too injured to fight recklessly!
You are too injured to fight recklessly!
You are too injured to fight recklessly!
You are too injured to fight recklessly!
You hit the gnoll but do no damage. Your bite misses the gnoll.
The gnoll is almost dead.
The gnoll hits you with a +0 flail!
* * * LOW HITPOINT WARNING * * *
You closely miss the gnoll. Your punch misses the gnoll.
You bite the gnoll, but do no damage.
The gnoll is almost dead.
The gnoll hits you with a +0 flail!
You die...

#.#.##...##...#.#.#.######.....#.
#.#.##...#..).#.#.#.#.......####.
.........#..#.#.#...######..##...
#.#.##^#.#..#.#.##########.....#.
#.#.##.#.#..#.#.#.. #.........##.
# #.##.#.#..#.#.#.# ###...#######
.....#.#.# #....>##..... #.#g#
########..... #.@.# #..... #####
#..... #..... ########.....
#....)....... #.........###
#.........# #.........#
#.........#


You could see a gnoll.

Vanquished Creatures
  2 ball pythons (D:1)
  2 endoplasms (D:1)
  2 giant cockroaches (D:1)
  A goblin (D:1)
  A hobgoblin (D:1)
  2 kobolds (D:1)
  2 quokkas (D:1)
  A frilled lizard (D:1)
  A rat (D:1)
14 creatures vanquished.

Notes
Turn   | Place    | Note
-------+----------+-------------------------------------------
     0 | D:1      | Stomo the Vine Stalker Fighter began the quest for the Orb.
     0 | D:1      | Reached XP level 1. HP: 11/11 MP: 2/2
   182 | D:1      | Reached XP level 2. HP: 16/16 MP: 3/3
   479 | D:1      | Slain by a gnoll

Illustrated notes

Levels and vault maps discovered:
D:1:      heliophobic_arrival_henge, layout_basic, roderic_serpentine_path

Skill      XL: |  1  2 |
---------------+-------+-----
Maces & Flails | 2 |  2.0
Fighting       | |  2.8
Armour         | |  2.5
Dodging        | |  0.5
Shields        | |  2.8

Action                     || total
---------------------------++-------
  Melee: Flail             ||    48
         Bite              ||    13
 Armour: Scale mail        ||    33
  Dodge: Dodged            ||    22
